 Dungeon Crawl Stone Soup version 0.29-a0-664-gff9cad4a3d (webtiles) character file.

Game seed: 367088163397325965

649 DocClef the Fighter (level 7, -8/64 HPs)
             Began as a Formicid Fighter on June 22, 2022.
             Killed from afar by a steam dragon (14 damage)
             ... with a ball of steam
             ... on level 6 of the Dungeon.
             The game lasted 00:04:46 (3654 turns).

DocClef the Fighter (Formicid Fighter)              Turns: 3654, Time: 00:04:47

Health: -8/64      AC:  9    Str: 22    XL:     7   Next: 83%
Magic:  7/7        EV:  9    Int:  8    God:
Gold:   132        SH:  5    Dex: 13    Spells: 6/6 levels left

rFire   . . .      SeeInvis +   a - +2 flail
rCold   . . .      Faith    .   c - +0 buckler
rNeg    . . .      Spirit   .   b - +0 scale mail
rPois   .          Reflect  .   (helmet unavailable)
rElec   .          Harm     .   m - +0 cloak
rCorr   .          Rampage  .   (no gloves)
Will    .....      Clarity  +   (no boots)
Stlth   ..........              (no amulet)
HPRegen 0.20/turn               (no ring)
MPRegen 0.10/turn               (no ring)

@: no status effects
A: permanent stasis, dig shafts and tunnels, antennae 3, four strong arms,
clarity, shaggy fur 1, noise suppression
a: Dig, Shaft Self


You were on level 6 of the Dungeon.
You visited 1 branch of the dungeon, and saw 5 of its levels.

You collected 132 gold pieces.

Inventory:

Hand Weapons
 a - a +2 flail (weapon)
 e - a +0 giant spiked club
Missiles
 s - 4 throwing nets
Armour
 b - a +0 scale mail (worn)
 c - a +0 buckler (worn)
 m - a +0 cloak (worn)
Jewellery
 h - a +6 ring of intelligence
 n - a ring of ice
 q - a ring of wizardry
Wands
 r - a wand of charming (11)
Scrolls
 l - 2 scrolls of enchant weapon
 t - a scroll of amnesia
Potions
 d - 2 potions of might
 f - 2 potions of brilliance {unknown}
 j - a potion of heal wounds
 k - a potion of mutation
 o - 2 potions of cancellation {unknown}
 u - a potion of resistance {unknown}
 v - a potion of curing {unknown}


   Skills:
 + Level 9.3 Fighting
 - Level 2.0 Maces & Flails
 - Level 3.2 Armour
 - Level 4.0 Shields


You had 6 spell levels left.
You didn't know any spells.
Your spell library contained the following spells:

 Spells                   Type           Power      Damage    Failure   Level
 Summon Small Mammal      Summ           0%         N/A       80%         1
 Call Canine Familiar     Summ           0%         N/A       99%         3
 Lesser Beckoning         Tloc           0%         N/A       99%         3
 Summon Guardian Golem    Hex/Summ       0%         N/A       99%         3
 Animate Dead             Necr           0%         N/A       100%        4
 Summon Ice Beast         Ice/Summ       0%         N/A       100%        4
 Manifold Assault         Tloc           0%         N/A       100%        5
 Summon Mana Viper        Hex/Summ       0%         N/A       100%        5
 Haunt                    Necr/Summ      0%         N/A       100%        7
 Monstrous Menagerie      Summ           0%         N/A       100%        7
 Infestation              Necr           0%         N/A       100%        8
 Blink                    Tloc           Unusable   N/A       N/A         2

Dungeon Overview and Level Annotations

Branches:
Dungeon (6/15)
 Temple: D:4-7

Altars:
Makhleb
Yredelemnul
Zin


Innate Abilities, Weirdness & Mutations

You cannot be hasted, slowed, berserked, paralysed or teleported.
You can dig through walls and to a lower floor.
You have a pair of large antennae on your head. (SInv)
Your four strong arms can wield two-handed weapons with a shield.
You possess an exceptional clarity of mind.
You are covered in fur. (AC +1)
You passively dampen the noise of your surroundings.


Message History

You sock the ogre!
You kill the ogre!
A steam dragon comes into view.
A steam dragon is nearby!
A steam dragon is nearby!
A steam dragon is nearby!
Things that are here:
a +0 giant spiked club; an ogre corpse You start resting.
HP restored.
The steam dragon bites you but does no damage.
You block the steam dragon's attack.
You closely miss the steam dragon. The steam dragon bites you.
The steam dragon claws you but does no damage.
You closely miss the steam dragon. The steam dragon breathes steam at you.
The ball of steam hits you!
You barely miss the steam dragon.
You are engulfed in a cloud of scalding steam.
The steam dragon barely misses you. You block the steam dragon's attack.
The steam dragon closely misses you. x2
You hit the steam dragon but do no damage.
The steam dragon bites you but does no damage.
The steam dragon barely misses you.
You hit the steam dragon but do no damage.
The steam dragon breathes steam at you. The ball of steam hits you!
The steam dragon bites you.
* * * LOW HITPOINT WARNING * * *
The steam dragon claws you but does no damage.
You closely miss the steam dragon.
You are engulfed in a cloud of scalding steam.
The steam dragon bites you but does no damage.
The steam dragon claws you but does no damage.
Unknown command.
You closely miss the steam dragon.
You are engulfed in a cloud of scalding steam.
* * * LOW HITPOINT WARNING * * *
The steam dragon breathes steam at you. The ball of steam hits you!
You die...

,,≈*,,,,,**....,*#..###.#*
*,,*,,,,.###...,*#.†....#
*,,*,,,,.......###.?<...#
*,,**#.............).####
*,,,*#.........###..##
#≈,,##..............#
#P..#...#......#....#
#≈..#.......#...D.###
^≈.≈#.......###.@#.#
P..^##......#....§####
^P..##...........§...##
P..≈.#.........§§§....##
....P#.........[..##...#
.....##........##......#
.......................#*****
....##.##.....##.(.#...#.#..#
..###..##......#............#


You could see a steam dragon (catching breath).

Vanquished Creatures
  2 ogres (D:6)
  A phantom (D:5)
  A scorpion (D:3)
  2 jellies
  An orc priest (D:3)
  An iguana (D:6)
  2 orc wizards (D:3)
  6 gnolls
  6 adders
  A worm (D:2)
  5 dart slugs
  6 orcs
  6 bats
  4 endoplasms
  A giant cockroach (D:1)
  5 hobgoblins
  2 jackals (D:1)
  2 quokkas
  7 ball pythons (D:2)
  4 frilled lizards (D:1)
  4 goblins
  5 kobolds
  4 rats
  A spectral orc (D:3)
79 creatures vanquished.

Vanquished Creatures (others)
  10 fungi (D:6)
10 creatures vanquished.

Grand Total: 89 creatures vanquished

Notes
Turn   | Place    | Note
-------+----------+-------------------------------------------
     0 | D:1      | DocClef the Formicid Fighter began the quest for the Orb.
     0 | D:1      | Reached XP level 1. HP: 18/18 MP: 1/1
   115 | D:1      | Reached XP level 2. HP: 13/25 MP: 2/2
   125 | D:1      | Reached skill level 4 in Fighting
   506 | D:1      | Reached XP level 3. HP: 31/31 MP: 3/3
  1127 | D:2      | Found a faded altar of an unknown god.
  1139 | D:2      | Reached skill level 5 in Fighting
  1146 | D:2      | Gained mutation: You have hidden genetic potential. [potion
                  | of mutation]
  1146 | D:2      | Gained mutation: You passively dampen the noise of your
                  | surroundings. [potion of mutation]
  1171 | D:2      | Reached XP level 4. HP: 39/39 MP: 4/4
  1428 | D:2      | Gained mutation: You possess an exceptional clarity of
                  | mind. [hidden potential]
  1702 | D:2      | Reached XP level 5. HP: 46/46 MP: 5/5
  1970 | D:3      | Reached skill level 6 in Fighting
  2319 | D:3      | Gained mutation: You are covered in fur. (AC +1) [hidden
                  | potential]
  2319 | D:3      | Lost mutation: You have hidden genetic potential. [hidden
                  | potential expressed]
  2626 | D:3      | Reached skill level 7 in Fighting
  2626 | D:3      | Reached XP level 6. HP: 54/55 MP: 6/6
  2696 | D:3      | Found a basalt altar of Yredelemnul.
  2748 | D:3      | You fall into a shaft and drop 2 floors!
  2748 | D:5      | Entered Level 5 of the Dungeon
  3005 | D:5      | Reached skill level 8 in Fighting
  3006 | D:5      | Noticed an ogre
  3010 | D:5      | Reached XP level 7. HP: 51/62 MP: 7/7
  3068 | D:6      | Found a burning altar of Makhleb.
  3070 | D:6      | Noticed a green death
  3072 | D:6      | Found a glowing silver altar of Zin.
  3073 | D:6      | Noticed an angel
  3443 | D:6      | HP: 1/63 [iguana (7)]
  3449 | D:6      | Reached skill level 9 in Fighting
  3536 | D:6      | Noticed a steam dragon
  3654 | D:6      | Killed from afar by a steam dragon

Illustrated notes

Levels and vault maps discovered:
D:1:      ncdulo_smallfort, layout_basic, kennysheep_decorative_pillar
D:2:      layout_rooms, nicolae_ecumenical_snake_handling
D:3:      layout_basic, yredelemnul_forgotten_temple_becter, uniq_grinder,
          uniq_jessica
D:5:      layout_loops_cross
D:6:      kennysheep_steamy, layout_cave_pools,
          grunt_temple_overflow_order_and_chaos_2

Skill      XL: |  1  2  3  4  5  6  7 |
---------------+----------------------+-----
Fighting       | 4 5 7 8 9 |  9.3
Maces & Flails | |  2.0
Armour         | |  3.2
Shields        | |  4.0

Action                   |  1- 3 |  4- 6 |  7- 9 || total
-------------------------+-------+-------+-------++-------
Melee: Flail             |    79 |   126 |    36 ||   241
 Abil: Dig               |     1 |       |       ||     1
  Use: Scroll            |     7 |       |     4 ||    11
       Potion            |     1 |       |     1 ||     2
Armor: Scale mail        |    62 |    68 |    17 ||   147
Dodge: Dodged            |    67 |    60 |    13 ||   140
Block: Buckler           |    37 |    37 |    19 ||    93

Table legend: (Time is in decaauts)
 A = Elapsed time spent in this place.
 B = Non-inter-level travel time spent in this place.
 C = Inter-level travel time spent in this place.
 D = Time resting spent in this place.
 E = Time spent auto-exploring this place.
 F = Levels seen in this place.
 G = Mean time per level.
                   A        B        C        D        E       F      G
               +--------+--------+--------+--------+--------+-----+--------+
         Total |   3734 |   3679 |     55 |    942 |   1936 |   5 |  746.8 |
       Dungeon |   3734 |   3679 |     55 |    942 |   1936 |   5 |  746.8 |
               +--------+--------+--------+--------+--------+-----+--------+

Top non-repeatable levels by time:
     D:2: 1121 daAuts
     D:1: 1054 daAuts
     D:6: 636 daAuts
     D:3: 628 daAuts
     D:5: 293 daAuts
